 Dungeon Crawl Stone Soup version 0.29.1-12-g30fa7ad0bf (webtiles) character file.

Game seed: 13246368513267279423

38 ChrisAssaf the Insei (level 3, -21/39 HPs)
             Began as a Vampire Transmuter on Dec 18, 2022.
             Demolished by an ogre
             ... wielding a +0 giant club
              (24 damage)
             ... on level 4 of the Dungeon.
             The game lasted 00:05:13 (753 turns).

ChrisAssaf the Insei (Vampire Transmuter)            Turns: 753, Time: 00:05:14

Health: -21/39     AC: 21    Str: 11    XL:     3   Next: 25%
Magic:  2/6        EV:  2    Int: 15    God:
Gold:   23         SH:  0    Dex: 14    Spells: 0/6 levels left

rFire   . . .      SeeInvis +   e - staff of poison
rCold   . . .      Faith    .   (no shield)
rNeg    . . .      Spirit   .   (body armour currently unavailable)
rPois   +          Reflect  .   (helmet currently unavailable)
rElec   .          Harm     .   (cloak currently unavailable)
rCorr   .          Rampage  .   (gloves currently unavailable)
Will    .....      NoTele   +   (boots currently unavailable)
Stlth   ++........              g - amulet of the acrobat
HPRegen 0.33/turn               (no ring)
MPRegen 0.10/turn               (no ring)

@: tree-form, healing quickly
A: stationary, stasis, torment immunity, boosted hp, alive, (fangs 3), see
invisible, vampiric 2
a: Exsanguinate


You were on level 4 of the Dungeon.
You were a tree.
You visited 1 branch of the dungeon, and saw 4 of its levels.

You collected 83 gold pieces.
You spent 60 gold pieces at shops.

Inventory:

Armour
 a - a +0 robe (melded)
 i - the +2 pair of gloves of Enwekyc (melded) {SInv}
   (You found it on level 3 of the Dungeon)

   SInv:      It lets you see invisible.
Magical Staves
 e - a staff of poison (weapon)
Jewellery
 g - an amulet of the acrobat (around neck)
Scrolls
 h - a scroll of identify
 j - a scroll of enchant weapon
Potions
 c - a potion of attraction {unknown}
 d - a potion of invisibility {unknown}
 f - a potion of degeneration {unknown}
 k - a potion of curing {unknown}


   Skills:
 * Level 1.2 Fighting
 * Level 0.1 Staves
 * Level 0.4 Armour
 * Level 2.3 Dodging
 * Level 0.9 Stealth
 * Level 3.8 Unarmed Combat
 * Level 2.2 Spellcasting
 * Level 2.5 Transmutations
 * Level 0.1 Evocations


You couldn't memorise any spells.
You knew the following spells:

 Your Spells              Type           Power      Damage    Failure   Level
a - Beastly Appendage     Tmut           18%        N/A       8%          1
b - Wereblood             Tmut           9%         N/A       12%         2
c - Spider Form           Tmut/Pois      8%         N/A       36%         3

Your spell library contained the following spells:

 Spells                   Type           Power      Damage    Failure   Level
 Passwall                 Tmut/Erth      4%         N/A       21%         2
 Ensorcelled Hibernation  Hex/Ice        2%         N/A       32%         2
 Swiftness                Air            1%         N/A       54%         3
 Ice Form                 Ice/Tmut       5%         N/A       78%         4


Dungeon Overview and Level Annotations

Branches:
Dungeon (4/15)
 Temple: D:4-7

Altars:
Sif Muna
Wu Jian

Shops:
D:3 *


Innate Abilities, Weirdness & Mutations

You are a tree.
Your roots penetrate the ground, keeping you stationary.
You cannot be teleported.
You are immune to unholy pain and torment.
Your maximum health is greatly increased.
Your equipment is partially melded.
Your natural rate of healing is accelerated.
((You have razor-sharp teeth.))
You have supernaturally acute eyesight. (SInv)
You are afflicted with vampirism and can become a bat while bloodless.


Message History

Okay, then.
An ogre comes into view. It is wielding a +0 giant club.
Casting: Wereblood (safe; 12% risk of failure)
Confirm with . or Enter, or press ? or * to list all spells.
The spell is extremely dangerous to miscast (36% risk of failure)!
Continue anyway?
You feel a surge of power!
You miscast Spider Form.
You are very lightly contaminated with residual magic.
Nothing appears to happen.
Unknown command.
Casting: Spider Form (extremely dangerous; 36% risk of failure)
Confirm with . or Enter, or press ? or * to list all spells.
The spell is extremely dangerous to miscast (36% risk of failure)!
Continue anyway?
You feel a surge of power!
You miscast Spider Form.
Nothing appears to happen.
Really quaff the potion of lignification?
You turn into a tree.
The +2 pair of gloves of Enwekyc {SInv} melds into your body.
Your +0 robe melds into your body.
Your roots penetrate the ground.
Casting: Spider Form (quite dangerous; 36% risk of failure)
Confirm with . or Enter, or press ? or * to list all spells.
You are stuck in your current form!
You barely miss the ogre. The ogre hits you with a +0 giant club!
You barely miss the ogre. The ogre hits you with a +0 giant club!
Your magical contamination has completely faded away.
You hit the ogre but do no damage. You hit the ogre.
The ogre is lightly wounded.
The ogre hits you but does no damage.
You hit the ogre but do no damage.
The ogre is lightly wounded.
The ogre hits you with a +0 giant club.
You hit the ogre but do no damage.
The ogre is lightly wounded.
The ogre hits you with a +0 giant club!!
Ouch! That really hurt!
* * * LOW HITPOINT WARNING * * *
You barely miss the ogre.
The ogre is lightly wounded.
The ogre hits you with a +0 giant club!!
Ouch! That really hurt!
You die...

#(.## #...## ..#
#.###.## #.# ##.#
##.### #.# #.# ##.~~
#.# #. #.~# #.# #.##
##.~# #.########.##
##..~#
#.#♣........###...~~
#.#O########.......#
#O#.# ##.##.###
#.#.# #.##.### #.#.#
#.##.##. #...#
#.##.#.. #####
#.##.... #.####..
#.# ##.


You could see an ogre.

Vanquished Creatures
  An adder (D:4)
  5 dart slugs
  3 endoplasms
  4 hobgoblins
  A kobold (D:1)
  A quokka (D:4)
  A ball python (D:4)
  2 frilled lizards
  A rat (D:1)
19 creatures vanquished.

Vanquished Creatures (others)
  4 withered plants (D:4)
4 creatures vanquished.

Grand Total: 23 creatures vanquished

Notes
Turn   | Place    | Note
-------+----------+-------------------------------------------
     0 | D:1      | ChrisAssaf the Vampire Transmuter began the quest for the
                  | Orb.
     0 | D:1      | Reached XP level 1. HP: 14/14 MP: 3/3
    80 | D:1      | Reached skill level 1 in Fighting
   162 | D:1      | Reached XP level 2. HP: 17/21 MP: 3/5
   165 | D:1      | Learned a level 2 spell: Wereblood
   456 | D:3      | Found Guinaynk's Assorted Antiques.
   470 | D:3      | Bought a scroll labelled UFAKHUFASO for 30 gold pieces
   470 | D:3      | Bought a scroll labelled UFAKHUFASO for 30 gold pieces
   494 | D:3      | Identified the +2 pair of gloves of Enwekyc {SInv}
   566 | D:4      | Found a shimmering blue altar of Sif Muna.
   566 | D:4      | Found an ornate altar of the Wu Jian Council.
   584 | D:4      | Gained mutation: You are afflicted with vampirism and can
                  | become a bat while bloodless. [Vampire growth]
   584 | D:4      | Reached XP level 3. HP: 19/26 MP: 4/6
   592 | D:4      | Learned a level 3 spell: Spider Form
   730 | D:4      | Noticed an ogre
   753 | D:4      | Demolished by an ogre

Illustrated notes

Levels and vault maps discovered:
D:1:      sevenhm_arrival_forest_fort_small_4, layout_rooms, minivault_26
D:2:      layout_loops_ring, chequers_ecumenical_altar_simple_redux,
          minmay_pentomino_q4, uniq_natasha
D:3:      layout_basic, serial_shops, nicolae_shop_overgrown_old_shop
D:4:      layout_loops_ring, kennysheep_mini_moat,
          chequers_temple_overflow_statue_of_worship, yredelemnul_altar_generic,
          lemuel_temple_firewalk_b, chequers_garden

Skill      XL: |  1 |
---------------+----+-----
Fighting       | 1 |  1.2
Staves         | |  0.1
Armour         | |  0.4
Dodging        | |  2.3
Stealth        | |  0.9
Unarmed Combat | |  3.8
Spellcasting   | |  2.2
Transmutations | |  2.5
Evocations     | |  0.1

Action                   || total
-------------------------++-------
Melee: Unarmed           ||    20
       Kick              ||    13
       Bite              ||     8
       Headbutt          ||     6
       Staff             ||    44
       Punch             ||     3
 Cast: Beastly Appendage ||    13
       Wereblood         ||     2
  Use: Scroll            ||     1
       Potion            ||     1
Armor: Robe              ||     9
       Skin              ||     1
Dodge: Dodged            ||    42
